 Dungeon Crawl Stone Soup version 0.24.0-2-g5b39cebb1c (webtiles) character file.

Game seed: 3100305350016174055, levelgen mode: deterministic

112 Arixos the Sneak (level 4, 0/27 HPs)
             Began as a Deep Elf Assassin on Oct 29, 2019.
             Succumbed to a worker ant's poison
             ... on level 3 of the Dungeon.
             The game lasted 00:08:54 (2467 turns).

Arixos the Sneak (Deep Elf Assassin)                Turns: 2467, Time: 00:08:55

Health: 0/27       AC: 10    Str:  8    XL:     4   Next: 64%
Magic:  9/9        EV: 13    Int: 17    God:
Gold:   75         SH:  0    Dex: 16    Spells: 8/8 levels left

rFire    . . .     SeeInvis .   l - +1 falchion (protect)
rCold    . . .     Gourm    .   (no shield)
rNeg     . . .     Faith    .   b - +0 robe
rPois    .         Spirit   .   (no helmet)
rElec    .         Reflect  .   c - +0 cloak
rCorr    .         Harm     .   (no gloves)
MR       .....                  (no boots)
Stlth    +++.......             (no amulet)
HPRegen  0.09/turn              (no ring)
MPRegen  0.11/turn              (no ring)

@: lethally poisoned (0 -> -6), protection aura
A: no striking features
a: no special abilities


You were on level 3 of the Dungeon.
You were not hungry.

You visited 1 branch of the dungeon, and saw 3 of its levels.

You collected 75 gold pieces.

Inventory:

Hand Weapons
 j - a +2 dagger of draining
 l - a +1 falchion of protection (weapon)
Missiles
 d - 8 poisoned darts (quivered)
 e - 2 curare-tipped darts
Armour
 b - a +0 robe (worn)
 c - a +0 cloak (worn)
Scrolls
 h - a scroll of enchant armour {unknown}
 i - 3 scrolls of remove curse {unknown}
Potions
 a - a potion of curing {unknown}
 g - a potion of resistance {unknown}
 k - a potion of lignification {unknown}
Comestibles
 f - a ration
 m - a chunk of flesh


   Skills:
 + Level 2.4 Fighting
 - Level 2.0 Short Blades
 - Level 2.0 Throwing
 + Level 1.6 Armour
 + Level 2.8 Dodging
 - Level 4.8 Stealth
 + Level 2.5 Spellcasting


You had 8 spell levels left.
You didn't know any spells.
Your spell library was empty.

Dungeon Overview and Level Annotations

Branches:
Dungeon (3/15)

Altars:
Sif Muna

Annotations:
D:2 Jessica


Message History

* * * LOW HITPOINT WARNING * * *
You closely miss the worker ant.
The worker ant is moderately wounded.
The worker ant closely misses you.
Press: ? - help, v - describe, . - travel
Here: a worker ant (moderately wounded)
The floor.
You hit the worker ant but do no damage.
The worker ant is moderately wounded.
The worker ant misses you. The worker ant bites you.
* * * LOW HITPOINT WARNING * * *
You are lethally poisoned!
The worker ant poisons you!
You hit the worker ant but do no damage.
The worker ant is moderately wounded.
* * * LOW HITPOINT WARNING * * *
You feel sick. The worker ant completely misses you.
You hit the worker ant.
The worker ant is heavily wounded.
You die...

......## .#
..###..#.#.#.# ......#
## .# #....#.#.# ......#
#..#.#.#.# ......##
##.)#.#.#.# ###.#..#
#...#.# #.#..## ##...#.#
###.##..## ##...^#.#
....###..## ##..####.#
..........##+##a@......#
................########
..............###
............###
............#
............#
............#
............# ..........


You could see a worker ant.

Vanquished Creatures
  A hound zombie (D:3)
  3 adders
  An ooze (D:1)
  A worm (D:2)
  A dart slug (D:1)
  2 leopard geckos
  4 orcs (D:3)
  3 giant cockroaches
  5 goblins
  5 hobgoblins
  8 kobolds
  7 bats
  6 frilled lizards
  A leopard gecko skeleton (D:3)
  A quokka skeleton (D:3)
  7 rats
56 creatures vanquished.

Notes
Turn   | Place    | Note
-------+----------+-------------------------------------------
     0 | D:1      | Arixos the Deep Elf Assassin began the quest for the Orb.
     0 | D:1      | Reached XP level 1. HP: 12/12 MP: 3/3
   235 | D:1      | Reached skill level 1 in Spellcasting
   235 | D:1      | Reached XP level 2. HP: 10/17 MP: 5/5
   727 | D:1      | Reached XP level 3. HP: 18/21 MP: 7/7
   767 | D:1      | Reached skill level 1 in Armour
  1198 | D:2      | Noticed Jessica
  1632 | D:2      | Reached XP level 4. HP: 24/26 MP: 9/9
  1692 | D:2      | Found a shimmering blue altar of Sif Muna.
  2466 | D:3      | HP: 1/27 [poisoned by a worker ant]
  2467 | D:3      | Succumbed to a worker ant's poison

Levels and vault maps discovered:
D:1:      lemuel_arrival_muddy, layout_basic
D:2:      layout_loops_ring, lemuel_doored_altar, uniq_jessica
D:3:      layout_basic, tso_oasis_becter, gammafunk_temple_overflow_claw,
          serial_undead, serial_undead_e, serial_undead_c, serial_undead_e,
          serial_undead_f

Skill      XL: |  1  2  3 |
---------------+----------+-----
Spellcasting   | 1 2 |  2.5
Fighting       | 2 |  2.4
Dodging        | 2 |  2.8
Armour         | 1 |  1.6
Short Blades   | |  2.0
Throwing       | |  2.0
Stealth        | |  4.8

Action                   |  1- 3 |  4- 6 || total
-------------------------+-------+-------++-------
Melee: Dagger            |   128 |    39 ||   167
       Falchion          |       |    37 ||    37
 Stab: Sleeping          |     8 |     3 ||    11
       Distracted        |     1 |       ||     1
  Eat: Chunk             |     2 |     3 ||     5
Armor: Robe              |    28 |    22 ||    50
Dodge: Dodged            |    71 |    56 ||   127
       Rpst.: Falchion   |       |    11 ||    11
